AA - U28
LINCOLN BIGHORNS @ NEW HAMPSHIRE FISHER CATS
05/01/2052
 
TOP OF THE 1ST
Akron RubberDucks batting - Pitching for Erie SeaWolves : RHP John Duncan
Pitching: RHP John Duncan
Batting: RHB Hector Roa 0-0: Ball
1-0: SINGLE (Groundball, 6D, EV 96.9 MPH)
Batting: RHB Chris Weaver 0-0: Foul Ball, location: 2F
0-1: Ball
Hector Roa is caught stealing 2nd base 2-4
1-1: Ground out 5-3 (Groundball, 56, EV 83.1 MPH)
Batting: RHB Jaden Tate 0-0: Ball
1-0: Ball
2-0: SINGLE (Line Drive, 89S, EV 106.9 MPH)
Batting: RHB Yasiel Astorga Pickoff Throw to First - Error! E1
Jaden Tate to second
0-0: Swinging Strike
0-1: Called Strike
0-2: Ball
1-2: Fly out, F7 (Line Drive, 7D, EV 96.9 MPH)
Top of the 1st over - 0 runs, 2 hits, 1 error, 1 left on base; Akron 0 - Erie 0
BOTTOM OF THE 1ST
Erie SeaWolves batting - Pitching for Akron RubberDucks : RHP Mario Garcia
Pitching: RHP Mario Garcia
Batting: RHB Jamie Mendes 0-0: Ball
1-0: Called Strike
1-1: Ball
2-1: Swinging Strike
2-2: Foul Ball, location: 2F
2-2: Ball
3-2: Strikes out swinging
Batting: LHB Danny Yates 0-0: Called Strike
0-1: Foul Ball, location: 2F
0-2: Ball
1-2: Ball
2-2: DOUBLE (Flyball, 78D, EV 98.8 MPH)
Batting: RHB Winston Barrachina 0-0: Ground out U3 (Groundball, 3L, EV 82.5 MPH)
Danny Yates to third
Batting: LHB Gerald Carbonaro 0-0: Called Strike
0-1: Called Strike
0-2: Foul Ball, location: 2F
0-2: Fly out, F7 (Line Drive, 7LM, EV 104.4 MPH)
Bottom of the 1st over - 0 runs, 1 hit, 0 errors, 1 left on base; Akron 0 - Erie 0
TOP OF THE 2ND
Akron RubberDucks batting - Pitching for Erie SeaWolves : RHP John Duncan
Batting: LHB Kato Daly 0-0: Called Strike
0-1: Swinging Strike
0-2: Ball
1-2: Reached on error, E2 (Popup, 15S, EV 90.6 MPH)
Batting: RHB Donnie McKinney 0-0: Fielders Choice at 2nd, 5-4 (Groundball, 5S, EV 91.2 MPH)
Batting: RHB Quillan Hines 0-0: Ball
1-0: Ball
2-0: Called Strike
2-1: Foul Ball, location: 2F
2-2: Ball
3-2: Base on Balls
Donnie McKinney to second
Batting: RHB Josh Tavano 0-0: Ball
1-0: Grounds into double play, 4-6-3 (Groundball, 34, EV 103.1 MPH)
Top of the 2nd over - 0 runs, 0 hits, 1 error, 1 left on base; Akron 0 - Erie 0
BOTTOM OF THE 2ND
Erie SeaWolves batting - Pitching for Akron RubberDucks : RHP Mario Garcia
Batting: LHB Max Van Dyke 0-0: Ball
1-0: Called Strike
1-1: Ground out 4-3 (Groundball, 4, EV 80.0 MPH)
Batting: SHB Miles Osorio 0-0: Ball
1-0: Ball
2-0: Called Strike
2-1: Fly out, F9 (Flyball, 9D, EV 86.2 MPH)
Batting: LHB Alex Pauls 0-0: Ball
1-0: Foul Ball, location: 2F
1-1: Foul Ball, location: 2F
1-2: Foul Ball, location: 2F
1-2: Ball
2-2: Fly out, F3 (Line Drive, 3, EV 61.9 MPH)
Bottom of the 2nd over - 0 runs, 0 hits, 0 errors, 0 left on base; Akron 0 - Erie 0
TOP OF THE 3RD
Akron RubberDucks batting - Pitching for Erie SeaWolves : RHP John Duncan
Batting: SHB Eddie Medina 0-0: Ball
1-0: DOUBLE (Flyball, 8RXD, EV 107.5 MPH)
Batting: RHB Hector Roa 0-0: Called Strike
0-1: Foul Ball, location: 2F
0-2: Strikes out swinging
Batting: RHB Chris Weaver 0-0: Called Strike
0-1: Foul Ball, location: 2F
0-2: Ball
1-2: Strikes out swinging
Batting: RHB Jaden Tate 0-0: Fly out, F8 (Flyball, 89XD, EV 103.8 MPH)
Top of the 3rd over - 0 runs, 1 hit, 0 errors, 1 left on base; Akron 0 - Erie 0
BOTTOM OF THE 3RD
Erie SeaWolves batting - Pitching for Akron RubberDucks : RHP Mario Garcia
Batting: RHB Salvador Morales 0-0: Ball
1-0: Ball
2-0: Ball
3-0: Base on Balls
Batting: RHB Roger Bowman 0-0: Called Strike
Salvador Morales steals 2nd base (no throw)
0-1: Ball
1-1: Foul Ball, location: 2F
1-2: Ground out U3 (Groundball, 34, EV 90.0 MPH)
Salvador Morales to third
Batting: RHB Jamie Mendes 0-0: Foul Ball, location: 2F
0-1: Ball
1-1: Fly out, F5 (Popup, 5D, EV 58.8 MPH)
Batting: LHB Danny Yates 0-0: Called Strike
0-1: Foul Ball, location: 2F
0-2: Strikes out swinging
Bottom of the 3rd over - 0 runs, 0 hits, 0 errors, 1 left on base; Akron 0 - Erie 0
TOP OF THE 4TH
Akron RubberDucks batting - Pitching for Erie SeaWolves : RHP John Duncan
Batting: RHB Yasiel Astorga 0-0: Ball
1-0: Called Strike
1-1: Swinging Strike
1-2: Ball
2-2: Ball
3-2: Strikes out swinging
Batting: LHB Kato Daly 0-0: Called Strike
0-1: Ball
1-1: Ground out 5-3 (Groundball, 5, EV 93.1 MPH)
Batting: RHB Donnie McKinney 0-0: Ground out 6-3 (Groundball, 6, EV 81.9 MPH)
Top of the 4th over - 0 runs, 0 hits, 0 errors, 0 left on base; Akron 0 - Erie 0
BOTTOM OF THE 4TH
Erie SeaWolves batting - Pitching for Akron RubberDucks : RHP Mario Garcia
Batting: RHB Winston Barrachina 0-0: SINGLE (Line Drive, 4D, EV 98.1 MPH)
Batting: LHB Gerald Carbonaro 0-0: Ball
1-0: Ball
Winston Barrachina steals 2nd base (no throw)
2-0: Called Strike
2-1: Ball
3-1: Base on Balls
Batting: LHB Max Van Dyke 0-0: Ball
1-0: Ball
2-0: Called Strike
2-1: Foul Ball, location: 2F
2-2: Ball
3-2: Fly out, F9 (Flyball, 89S, EV 90.0 MPH)
Batting: SHB Miles Osorio 0-0: Ball
1-0: Fielders Choice at 2nd, 4-6 (Groundball, 4, EV 86.2 MPH)
Winston Barrachina to third
Batting: LHB Alex Pauls Pickoff Throw to First - Error! E1
Winston Barrachina scores
Miles Osorio to second
0-0: Called Strike
0-1: Ball
1-1: Fly out, F7 (Flyball, 78S, EV 70.6 MPH)
Bottom of the 4th over - 1 run, 1 hit, 1 error, 1 left on base; Akron 0 - Erie 1
TOP OF THE 5TH
Akron RubberDucks batting - Pitching for Erie SeaWolves : RHP John Duncan
Batting: RHB Quillan Hines 0-0: Called Strike
0-1: Ball
1-1: Fly out, F8 (Flyball, 8RD, EV 100.0 MPH)
Batting: RHB Josh Tavano 0-0: Ground out 6-3 (Groundball, 6, EV 96.2 MPH)
Batting: SHB Eddie Medina 0-0: Ball
1-0: Foul Ball, location: 2F
1-1: Foul Ball, location: 2F
1-2: Ball
2-2: Ball
3-2: Strikes out swinging
Top of the 5th over - 0 runs, 0 hits, 0 errors, 0 left on base; Akron 0 - Erie 1
BOTTOM OF THE 5TH
Erie SeaWolves batting - Pitching for Akron RubberDucks : RHP Mario Garcia
Batting: RHB Salvador Morales 0-0: Called Strike
0-1: Ball
1-1: Foul Ball, location: 2F
1-2: Ground out 5-3 (Groundball, 56S, EV 85.0 MPH)
Batting: RHB Roger Bowman 0-0: Foul Ball, location: 2F
0-1: Ball
1-1: Foul Ball, location: 2F
1-2: Strikes out swinging
Batting: RHB Jamie Mendes 0-0: Called Strike
0-1: Fly out, F4 (Popup, 4D, EV 54.4 MPH)
Bottom of the 5th over - 0 runs, 0 hits, 0 errors, 0 left on base; Akron 0 - Erie 1
TOP OF THE 6TH
Akron RubberDucks batting - Pitching for Erie SeaWolves : RHP John Duncan
Batting: RHB Hector Roa 0-0: Ball
1-0: Called Strike
1-1: Swinging Strike
1-2: Foul Ball, location: 2F
1-2: Foul Ball, location: 2F
1-2: Foul Ball, location: 2F
1-2: Fly out, F8 (Flyball, 89D, EV 98.8 MPH)
Batting: RHB Chris Weaver 0-0: Called Strike
0-1: Ball
1-1: SINGLE (Line Drive, 4MD, EV 97.5 MPH)
Batting: RHB Jaden Tate 0-0: Ball
1-0: Called Strike
1-1: Ball
2-1: Foul Ball, location: 2F
2-2: Foul Ball, location: 2F
2-2: Ground out 6-3 (Groundball, P, EV 85.6 MPH)
Chris Weaver to second
Batting: RHB Yasiel Astorga 0-0: Ball
1-0: Foul Ball, location: 2F
1-1: Foul Ball, location: 2F
1-2: Ball
Wild Pitch!
Chris Weaver to third
2-2: Strikes out swinging
Top of the 6th over - 0 runs, 1 hit, 0 errors, 1 left on base; Akron 0 - Erie 1
BOTTOM OF THE 6TH
Erie SeaWolves batting - Pitching for Akron RubberDucks : RHP Mario Garcia
Batting: LHB Danny Yates 0-0: Called Strike
0-1: Fly out, F7 (Flyball, 7, EV 89.4 MPH)
Batting: RHB Winston Barrachina 0-0: Ball
1-0: SOLO HOME RUN (Flyball, 89XD, EV 100.0 MPH), Distance : 420 ft
Batting: LHB Gerald Carbonaro 0-0: Called Strike
0-1: Ball
1-1: Foul Ball, location: 2F
1-2: Foul Ball, location: 2F
1-2: SOLO HOME RUN (Flyball, 7D, EV 98.1 MPH), Distance : 388 ft
Batting: LHB Max Van Dyke 0-0: Ball
1-0: Ball
2-0: Foul Ball, location: 2F
2-1: Called Strike
2-2: Strikes out swinging
Batting: SHB Miles Osorio 0-0: Ball
1-0: Called Strike
1-1: Foul Ball, location: 2F
1-2: Ball
2-2: Strikes out swinging
Bottom of the 6th over - 2 runs, 2 hits, 0 errors, 0 left on base; Akron 0 - Erie 3
TOP OF THE 7TH
Akron RubberDucks batting - Pitching for Erie SeaWolves : RHP John Duncan
Batting: LHB Kato Daly 0-0: Called Strike
0-1: Ground out 3-1 (Groundball, 34, EV 86.9 MPH)
Batting: RHB Donnie McKinney 0-0: Ball
1-0: Ball
2-0: Swinging Strike
2-1: Swinging Strike
2-2: Foul Ball, location: 2F
2-2: Ball
3-2: Fly out, F7 (Line Drive, 7, EV 94.4 MPH)
Batting: RHB Quillan Hines 0-0: Called Strike
0-1: Ball
1-1: Ball
2-1: Fly out, F9 (Line Drive, 9D, EV 109.4 MPH)
Top of the 7th over - 0 runs, 0 hits, 0 errors, 0 left on base; Akron 0 - Erie 3
BOTTOM OF THE 7TH
Erie SeaWolves batting - Pitching for Akron RubberDucks : RHP Mario Garcia
Batting: LHB Alex Pauls 0-0: Ball
1-0: Ball
2-0: Ball
3-0: Called Strike
3-1: Called Strike
3-2: Foul Ball, location: 2F
3-2: Foul Ball, location: 2F
3-2: SINGLE (Line Drive, 9LS, EV 91.9 MPH)
Batting: RHB Salvador Morales 0-0: Bunted foul
0-1: Sac Bunt to 23 - play at first, batter OUT! 3-4
Alex Pauls to second
Pitching: RHP A.J. McKinzie
Batting: RHB Roger Bowman 0-0: Ball
1-0: Ball
2-0: Fly out, F4 (Line Drive, 4, EV 73.8 MPH)
Batting: RHB Jamie Mendes 0-0: Swinging Strike
0-1: Ball
1-1: Ball
2-1: Called Strike
2-2: Foul Ball, location: 2F
2-2: Strikes out swinging
Bottom of the 7th over - 0 runs, 1 hit, 0 errors, 1 left on base; Akron 0 - Erie 3
TOP OF THE 8TH
Akron RubberDucks batting - Pitching for Erie SeaWolves : RHP John Duncan
Batting: RHB Josh Tavano 0-0: Ball
1-0: Ball
2-0: Ball
3-0: Base on Balls
Pitching: RHP Chris Kudroc
Batting: SHB Eddie Medina 0-0: Ball
1-0: Called Strike
1-1: Foul Ball, location: 2F
1-2: Ball
2-2: Foul Ball, location: 2F
2-2: Ball
3-2: Grounds into double play, 5-4-3 (Groundball, 5, EV 91.9 MPH)
Pinch Hitting: SHB Daniel Rocha 0-0: Ball
1-0: SINGLE (Groundball, 6D, EV 107.5 MPH)
Batting: RHB Chris Weaver 0-0: Ball
1-0: Foul Ball, location: 2F
1-1: DOUBLE (Groundball, 5L, EV 106.2 MPH)
Daniel Rocha to third
Batting: RHB Jaden Tate 0-0: SINGLE (Groundball, 6M, EV 88.8 MPH) (infield hit)
Daniel Rocha scores
Chris Weaver to third
Pitching: RHP Garrett Cowman
Batting: RHB Yasiel Astorga 0-0: Ball
1-0: Fly out, F7 (Flyball, 7S, EV 95.6 MPH)
Top of the 8th over - 1 run, 3 hits, 0 errors, 2 left on base; Akron 1 - Erie 3
BOTTOM OF THE 8TH
Erie SeaWolves batting - Pitching for Akron RubberDucks : RHP A.J. McKinzie
Now in LF: Ricky Serrano
Now in CF: Chris Weaver
Batting: LHB Danny Yates 0-0: Ball
1-0: Fly out, F8 (Flyball, 8RS, EV 96.9 MPH)
Batting: RHB Winston Barrachina 0-0: Ball
1-0: Called Strike
1-1: Foul Ball, location: 2F
1-2: Ball
2-2: Ground out 4-3 (Groundball, 4, EV 106.9 MPH)
Batting: LHB Gerald Carbonaro 0-0: Fly out, F9 (Flyball, 89M, EV 89.4 MPH)
Bottom of the 8th over - 0 runs, 0 hits, 0 errors, 0 left on base; Akron 1 - Erie 3
TOP OF THE 9TH
Akron RubberDucks batting - Pitching for Erie SeaWolves : RHP Garrett Cowman
Pitching: RHP Hamilton Urias
Batting: LHB Kato Daly 0-0: Called Strike
0-1: SINGLE (Line Drive, 4M, EV 101.2 MPH)
Batting: RHB Donnie McKinney 0-0: Swinging Strike
0-1: Called Strike
0-2: Reached on error, E4 (Groundball, 4, EV 105.6 MPH)
Kato Daly to second
Batting: RHB Quillan Hines 0-0: Called Strike
0-1: Grounds into double play, 6-4-3 (Groundball, 6M, EV 103.8 MPH)
Kato Daly to third
Batting: RHB Josh Tavano 0-0: Ball
1-0: Called Strike
1-1: Foul Ball, location: 2F
1-2: Strikes out looking
Top of the 9th over - 0 runs, 1 hit, 1 error, 1 left on base; Akron 1 - Erie 3
Friday, April 19th , 2024 - OOTP Baseball 24.11 Build 85